 Dungeon Crawl Stone Soup version 0.29.0-11-gd7f09526c8 (webtiles) character file.

Game seed: 204993961224797332

20127 mora the Destroyer (level 13, -10/79 HPs)
             Began as a Kobold Conjurer on Sept 3, 2022.
             Was a Priest of Vehumet.
             Killed from afar by an oklob plant (29 damage)
             ... with a splash of acid
             ... on level 2 of the Lair of Beasts.
             The game lasted 00:34:13 (19681 turns).

mora the Destroyer (Kobold Conjurer)               Turns: 19681, Time: 00:34:13

Health: -10/79     AC:  2    Str:  5    XL:     13   Next: 9%
Magic:  18/25      EV: 21    Int: 24    God:    Vehumet [***...]
Gold:   305        SH:  0    Dex: 17    Spells: 14/29 levels left

rFire   + + .      SeeInvis .   C - +6 falchion "Dyifrahaj" {freeze, rF+ Dex+4}
rCold   x . .      Faith    .   (no shield)
rNeg    + . .      Spirit   .   u - +0 steam dragon scales
rPois   .          Reflect  .   d - +0 helmet
rElec   .          Harm     .   q - +0 cloak
rCorr   .          Rampage  .   g - +1 pair of gloves
Will    .....                   B - +0 pair of boots
Stlth   ++++......              e - amulet of regeneration
HPRegen 1.03/turn               o - ring of fire
MPRegen 0.19/turn               x - ring of positive energy

@: corroded
A: small, no large weapons, nightstalker 3
a: Renounce Religion


You were on level 2 of the Lair of Beasts.
You worshipped Vehumet.
Vehumet was most pleased with you.
You visited 3 branches of the dungeon, and saw 14 of its levels.

You collected 627 gold pieces.
You spent 322 gold pieces at shops.

Inventory:

Hand Weapons
 m - a +1 spear of venom
 p - a +4 quarterstaff of chaos
 w - a +3 trident
 y - a +3 dagger
 C - the +6 falchion "Dyifrahaj" (weapon) {freeze, rF+ Dex+4}
   (You bought it in a shop on level 6 of the Dungeon)

   It freezes those it strikes, dealing additional cold damage.
   It can also slow down cold-blooded creatures.
   Dex:       It affects your dexterity (+4).
   rF:        It protects you from fire.
Armour
 a - a +0 robe
 d - a +0 helmet (worn)
 g - a +1 pair of gloves (worn)
 q - a +0 cloak (worn)
 u - +0 steam dragon scales (worn)
 B - a +0 pair of boots (worn)
Jewellery
 e - an amulet of regeneration (around neck)
 o - a ring of fire (left hand)
 x - a ring of positive energy (right hand)
Wands
 F - a wand of flame (14)
 P - a wand of paralysis (25)
Scrolls
 b - 3 scrolls of blinking
 f - a scroll of fear
 i - 4 scrolls of identify
 l - 2 scrolls of enchant weapon
 t - 2 scrolls of teleportation
Potions
 c - a potion of curing
 h - 3 potions of cancellation
 j - 3 potions of attraction
 k - a potion of lignification {unknown}
 n - a potion of brilliance {unknown}
 r - 2 potions of berserk rage
 s - a potion of mutation {unknown}
 v - 3 potions of flight {unknown}
 z - 4 potions of ambrosia {unknown}
 A - 2 potions of might {unknown}
 D - a potion of invisibility


   Skills:
 + Level 8.7 Fighting
 + Level 2.9 Long Blades
 + Level 10.4 Dodging
 - Level 4.2 Stealth
 + Level 8.8 Spellcasting
 * Level 12.1 Conjurations
 + Level 7.0 Fire Magic
 + Level 6.6 Evocations


You had 14 spell levels left.
You knew the following spells:

 Your Spells              Type           Power      Damage    Failure   Level
a - Magic Dart            Conj           100%       1d8       1%          1
b - Searing Ray           Conj           100%       2d8       1%          2
c - Flame Wave            Conj/Fire      71%        2d16      1%          4
d - Iskenderun's Mystic   Conj/Tloc      39%        2d9       1%          4
e - Fulminant Prism       Conj/Hex       19%        3d11      1%          4

Your spell library contained the following spells:

 Spells                   Type           Power      Damage    Failure   Level
 Ignite Poison            Fire/Tmut/Pois 32%        N/A       1%          3
 Freeze                   Ice            40%        1d6       1%          1
 Shock                    Conj/Air       100%       1d9       1%          1
 Scorch                   Fire           100%       2d10      1%          2
 Dazzling Flash           Conj/Hex       78%        N/A       1%          3
 Hailstorm                Conj/Ice       39%        3d9       1%          4
 Lightning Bolt           Conj/Air       19%        1d34      4%          5
 Frozen Ramparts          Ice            20%        1d4       5%          3
 Apportation              Tloc           20%        N/A       6%          1
 Beastly Appendage        Tmut           20%        N/A       6%          1
 Wereblood                Tmut           10%        N/A       9%          2
 Airstrike                Air            5%         2d(1-17)  16%         4
 Gell's Gravitas          Tloc           10%        N/A       19%         3
 Lesser Beckoning         Tloc           10%        N/A       19%         3
 Spider Form              Tmut/Pois      10%        N/A       19%         3
 Swiftness                Air            10%        N/A       19%         3
 Teleport Other           Tloc           10%        N/A       19%         3
 Lee's Rapid Deconstruct  Erth           5%         3d7*      38%         5
 Summon Lightning Spire   Summ/Air       10%        N/A       52%         4
 Alistair's Intoxication  Tmut/Pois      6%         N/A       86%         5
 Eringya's Noxious Bog    Tmut/Pois      5%         N/A       89%         6
 Dispersal                Tloc           5%         N/A       100%        6
 Summon Cactus Giant      Summ           5%         N/A       100%        6
 Disjunction              Tloc           5%         N/A       100%        8


Dungeon Overview and Level Annotations

Branches:
Dungeon (11/15)            Temple (1/1) D:6            Lair (2/5) D:11
 Spider (0/4) Lair:2
  Swamp: Lair:2-3    Shoals: Lair:2-3       Orc: D:9-12

Altars:
Ashenzari
Cheibriados
Dithmenos
Elyvilon
Fedhas
Gozag
Hepliaklqana
Kikubaaqudgha
Makhleb
Nemelex Xobeh
Okawaru
Qazlal
Ru
Sif Muna
Trog
Uskayaw
Vehumet
Wu Jian
Xom
Yredelemnul
Zin
The Shining One

Shops:
D:6 !*   D:8 !

Annotations:
D:7 exclusion: 3 killer bees
D:10 Fannar, Joseph
Lair:2 exclusion: 3 oklob plants


Innate Abilities, Weirdness & Mutations

You are small and have problems with some larger weapons.
You are completely attuned to the shadows.


Message History

A wave of flame ripples out!
The flame wave engulfs the plant.
The plant begins to die.
The plant is lightly damaged.
The flame wave engulfs the plant!!
The plant begins to die.
The plant is lightly damaged.
The flame wave engulfs the oklob plant!!
The oklob plant is moderately damaged.
The flame wave engulfs the plant!!
The plant begins to die.
The plant is lightly damaged.
The flame wave engulfs the oklob plant!
The oklob plant is moderately damaged.
The plant is engulfed in a cloud of scalding steam.
The oklob plant is engulfed in a cloud of scalding steam.
The oklob plant spits acid at you. The splash of acid misses you.
A wave of flame ripples out!
The flame wave engulfs the plant!!
The plant is lightly damaged.
The flame wave engulfs the plant!
The plant is lightly damaged.
The flame wave engulfs the oklob plant!
The oklob plant is heavily damaged.
The flame wave engulfs the plant!
The plant is lightly damaged.
The flame wave engulfs the oklob plant!!
The oklob plant is severely damaged.
The flame wave engulfs the oklob plant!
The oklob plant is moderately damaged.
You finish channelling waves of flame.
The plant is engulfed in a cloud of scalding steam. x2
The oklob plant spits acid at you. The splash of acid hits you!!
* * * LOW HITPOINT WARNING * * *
The acid corrodes you!
The plant is engulfed in a cloud of scalding steam.
A nearby plant withers and dies.
The plant is engulfed in a cloud of scalding steam.
The oklob plant is engulfed in a cloud of scalding steam.
The oklob plant spits acid at you. The splash of acid hits you!!
You die...

####...##....### ###......##....?
.###...####### #########..##P.P..
.##....#### #>>.# ##..##...#
......P.#.######...######..##.P.#
...........#P§§.....~~.# .###..(P
...........#§§§......~.# #...P..
...##.#...##P§.......~.# ##.###.#
...##......#P~§......~.# #...##.#
...P##...###P§§.@....~.# ##.##...
....########P≈§§....~~.###..#.#..
...........######†#######...###.#
..........#...#..†..........###.P
...#..#.####..###.#....##.##.##..
...####..P.#..# ###.....#######..
..............# ####..## ##P..
.#..#######..## #...# #....
...#### #...# ##.#######..


You could see 2 oklob plants.

Vanquished Creatures
  A two-headed ogre (D:11)
  2 oklob plants (Lair:2)
  2 black mambas (Lair:2)
  A gargoyle (D:11)
  Maggie (D:8)
  Psyche (D:10)
  A rime drake (Lair:2)
  A kobold demonologist (D:10)
  7 komodo dragons
  5 cane toads (Lair:2)
  An unseen horror (D:6)
  A troll (D:9)
  17 blink frogs
  A dream sheep (Lair:1)
  2 culicivoras (Lair:2)
  17 yaks
  A wyvern (D:10)
  A wraith (D:10)
  3 steam dragons
  3 vampire mosquitoes (D:10)
  4 acid dragons
  10 water moccasins
  2 orc warriors
  A sky beast (D:8)
  4 black bears
  2 ice beasts (D:7)
  An ogre (D:5)
  10 wolves (Lair:2)
  4 centaurs
  3 phantoms
  3 kobold brigands
  13 bullfrogs
  4 scorpions
  4 wights (D:9)
  3 jellies
  4 orc priests
  Crazy Yiuf (D:6)
  2 hounds
  2 iguanas
  8 orc wizards
  3 hell rats (Lair:1)
  7 adders
  3 gnolls (D:8)
  8 river rats (Lair:1)
  2 white imps
  An ufetubus (D:4)
  A worm (D:2)
  3 dart slugs
  30 orcs
  5 endoplasms
  A giant cockroach (D:2)
  7 goblins
  8 hobgoblins
  8 jackals
  4 quokkas
  8 ball pythons
  4 bats
  15 kobolds
  9 rats
281 creatures vanquished.

Vanquished Creatures (others)
  29 fungi
  44 plants
73 creatures vanquished.

Grand Total: 354 creatures vanquished

Notes
Turn   | Place    | Note
-------+----------+-------------------------------------------
     0 | D:1      | mora the Kobold Conjurer began the quest for the Orb.
     0 | D:1      | Reached XP level 1. HP: 10/10 MP: 3/3
   522 | D:1      | Reached XP level 2. HP: 15/15 MP: 1/5
  1145 | D:1      | Reached XP level 3. HP: 19/19 MP: 4/6
  1562 | D:1      | Learned a level 2 spell: Searing Ray
  1938 | D:2      | Reached XP level 4. HP: 24/24 MP: 6/8
  2108 | D:2      | Got Laugux Woth's Exposition on Dimensional Poison
  2211 | D:2      | Found a faded altar of an unknown god.
  2809 | D:2      | Reached XP level 5. HP: 28/28 MP: 4/9
  3905 | D:4      | Reached skill level 1 in Fighting
  4282 | D:4      | Reached XP level 6. HP: 34/34 MP: 5/11
  5283 | D:4      | Reached skill level 5 in Conjurations
  5529 | D:5      | Entered Level 5 of the Dungeon
  5633 | D:5      | Noticed an ogre
  5664 | D:5      | Noticed a water moccasin
  5727 | D:5      | Killed an ogre
  5728 | D:5      | Reached XP level 7. HP: 20/40 MP: 4/13
  5810 | D:5      | Reached skill level 1 in Evocations
  6648 | D:5      | Reached skill level 5 in Dodging
  6651 | D:5      | Killed a water moccasin
  6728 | D:5      | Reached XP level 8. HP: 42/46 MP: 8/14
  7225 | D:6      | Reached skill level 6 in Conjurations
  7445 | D:6      | Found a staircase to the Ecumenical Temple.
  7462 | Temple   | Entered the Ecumenical Temple
  7494 | Temple   | Found a transporter.
  7494 | Temple   | Found a transporter.
  7496 | Temple   | Found a transporter.
  7496 | Temple   | Found a transporter.
  7582 | Temple   | Became a worshipper of Vehumet
  7854 | D:6      | Reached skill level 5 in Spellcasting
  8032 | D:6      | Found Wenock's Assorted Antiques.
  8037 | D:6      | Bought a scroll labelled CIOGUN ETRA for 23 gold pieces
  8037 | D:6      | Bought a knobbly silver ring for 115 gold pieces
  8047 | D:6      | Learned a level 4 spell: Flame Wave
  8158 | D:6      | Found Tyoxta's Distillery.
  8316 | D:6      | Reached skill level 1 in Fire Magic
  8316 | D:6      | Reached XP level 9. HP: 48/52 MP: 7/16
  8481 | D:6      | Reached skill level 7 in Conjurations
  8492 | D:6      | Killed an unseen horror
  8657 | D:6      | Found a runed translucent door.
  8660 | D:6      | Noticed Crazy Yiuf
  8666 | D:6      | Killed Crazy Yiuf
  8756 | D:7      | Learned a level 4 spell: Iskenderun's Mystic Blast
  8761 | D:7      | Learned a level 4 spell: Fulminant Prism
  8824 | D:7      | Found a blossoming altar of Fedhas.
  8964 | D:7      | Reached skill level 5 in Fighting
  9433 | D:7      | Found a glowing silver altar of Zin.
  9433 | D:7      | Noticed an angel
  9524 | D:7      | Found a shadowy altar of Dithmenos.
  9632 | D:8      | Noticed Maggie
  9636 | D:8      | Killed Maggie
  9637 | D:8      | Reached skill level 8 in Conjurations
  9803 | D:8      | Reached XP level 10. HP: 53/59 MP: 9/19
 10178 | D:8      | Found Ryjun's Distillery.
 10197 | D:8      | Found a bloodstained altar of Trog.
 10663 | D:8      | Found an iron altar of Okawaru.
 10896 | D:9      | Found a shimmering altar of Xom.
 11086 | D:9      | Reached * piety under Vehumet
 11086 | D:9      | Offered knowledge of Foxfire by Vehumet.
 11313 | D:9      | Reached skill level 9 in Conjurations
 11437 | D:9      | Found a stormy altar of Qazlal.
 11967 | D:10     | Entered Level 10 of the Dungeon
 11969 | D:10     | Found a sacrificial altar of Ru.
 11975 | D:10     | Noticed Psyche
 11982 | D:10     | Killed Psyche
 12027 | D:10     | Found a hazy altar of Hepliaklqana.
 12044 | D:10     | Noticed Fannar
 13271 | D:10     | Reached XP level 11. HP: 11/66 MP: 17/21
 13815 | D:10     | Noticed Joseph
 14407 | D:9      | Reached skill level 10 in Conjurations
 14618 | D:10     | Reached skill level 5 in Fire Magic
 15348 | D:11     | Noticed a two-headed ogre
 15356 | D:11     | Killed a two-headed ogre
 15549 | D:11     | Found a staircase to the Lair.
 15690 | Lair:1   | Entered Level 1 of the Lair of Beasts
 15786 | Lair:1   | Offered knowledge of Sandblast by Vehumet.
 15884 | D:11     | Reached ** piety under Vehumet
 16342 | D:6      | Bought a crude falchion for 184 gold pieces
 16342 | D:6      | Identified the +6 falchion "Dyifrahaj" {freeze, rF+ Dex+4}
                  | (You bought it in a shop on level 6 of the Dungeon)
 16845 | Lair:1   | Reached skill level 11 in Conjurations
 16849 | Lair:1   | Reached XP level 12. HP: 53/73 MP: 0/23
 16931 | Lair:1   | Reached skill level 5 in Evocations
 17132 | Lair:1   | Reached skill level 1 in Long Blades
 17181 | Lair:1   | HP: 1/73 [blink frog (12)]
 17372 | Lair:1   | Offered knowledge of Inner Flame by Vehumet.
 17852 | Lair:1   | Reached *** piety under Vehumet
 18645 | Lair:2   | Found a hole to the Spider Nest.
 18661 | Lair:2   | Reached skill level 10 in Dodging
 19230 | Lair:2   | Offered knowledge of Ignite Poison by Vehumet.
 19260 | Lair:2   | Found an opulent altar of Gozag.
 19417 | Lair:2   | Reached skill level 12 in Conjurations
 19499 | Lair:2   | Reached XP level 13. HP: 62/79 MP: 9/25
 19681 | Lair:2   | Killed from afar by an oklob plant

Illustrated notes

Levels and vault maps discovered:
D:1:      evilmike_arrival_hilbert_curve, layout_basic, minmay_misc_feat_square,
          feat_on_display
D:2:      layout_basic, nicolae_ecumenical_snake_handling, st_stairs_9,
          amcnicky_mini_corridor_feature
D:3:      layout_rooms, hangedman_decor_clover_reticule
D:4:      layout_basic, lemuel_flame_loot_1
D:5:      layout_cave_pools
D:6:      layout_basic, minmay_temple_entry_large_hall, serial_shops,
          shop_statue, shop, uniq_crazy_yiuf_cottage
D:7:      layout_rooms, marbit_many_paths, zin_angel,
          mainiacjoe_overflow_tiny_flanked
D:8:      layout_basic, okawaru_metal_pillars_3, trog_ov_bears_minmay,
          serial_shops, shop, uniq_maggie
D:9:      layout_roguey, xom_butterflies, nicolae_qazlal_eye_of_the_storm
D:10:     layout_grid_maze, mainiacjoe_overflow_large_starburst, uniq_fannar,
          uniq_joseph, uniq_psyche
D:11:     layout_irregular_city, due_lair_maze_entry_diamond,
          dancing_weapons_uskayaw
Temple:   hellmonk_temple_divided_pantheon
Lair:1:   layout_loops_ring, kennysheep_abandoned_house
Lair:2:   dpeg_oklob_gauntlet, layout_loops_ring,
          hellmonk_spider_entry_life_and_decay, basic_altar, minivault_27,
          grunt_megastairs_3

Skill      XL: |  1  2  3  4  5  6  7  8  9 10 11 12 13 |
---------------+----------------------------------------+-----
Stealth        | 3 4 |  4.2
Dodging        | 3 4 5 6 7 8 9 10 | 10.4
Spellcasting   | 3 4 5 6 7 8 |  8.8
Fighting       | 1 2 3 4 5 6 7 8 |  8.7
Conjurations   | 5 6 8 9 11 12 | 12.1
Evocations     | 2 3 4 6 |  6.6
Fire Magic     | 1 3 4 5 6 7 |  7.0
Long Blades    | 2 |  2.9

Action                   |  1- 3 |  4- 6 |  7- 9 | 10-12 | 13-15 || total
-------------------------+-------+-------+-------+-------+-------++-------
Melee: Unarmed           |     9 |       |       |       |       ||     9
       Spear             |       |     8 |     3 |    11 |       ||    22
       Club              |       |     1 |       |       |       ||     1
       Falchion          |       |       |       |    34 |       ||    34
       Punch             |       |       |       |     1 |       ||     1
 Cast: Magic Dart        |    66 |   105 |    21 |     7 |       ||   199
       Searing Ray       |       |    20 |    49 |   195 |     1 ||   265
       Flame Wave        |       |       |       |     9 |     5 ||    14
Evoke: Wand              |       |       |     7 |     4 |       ||    11
  Use: Scroll            |     2 |    14 |     1 |     7 |       ||    24
       Potion            |       |     1 |     3 |     3 |       ||     7
Armor: Robe              |     2 |     2 |     8 |       |       ||    12
       Steam dragon scal |       |       |     1 |    72 |       ||    73
Dodge: Dodged            |    31 |    34 |    52 |   399 |     5 ||   521
